 Dungeon Crawl Stone Soup version 0.20-a0-972-gb9bd3e6 (webtiles) character file.

527 Rrauwl the Grave Robber (level 7, -1/39 HPs)
             Began as a Deep Elf Necromancer on Apr 9, 2017.
             Was a Follower of Sif Muna.
             Killed by divine providence
             ... invoked by an orc priest
              (13 damage)
             ... on level 4 of the Dungeon.
             The game lasted 00:19:30 (3995 turns).

Rrauwl the Grave Robber (Deep Elf Necromancer)      Turns: 3995, Time: 00:19:30

Health: -1/39      AC: 12    Str:  6    XL:     7   Next: 2%
Magic:  10/16      EV: 11    Int: 21    God:    Sif Muna [*.....]
Gold:   81         SH:  0    Dex: 15    Spells: 11/15 levels left

rFire    + . .     SeeInvis .   q - +0 rapier
rCold    . . .     Gourm    .   (no shield)
rNeg     . . .     Faith    .   s - +4 ring mail
rPois    +         Spirit   .   f - +1 helmet
rElec    .         Reflect  .   (no cloak)
rCorr    .         Harm     .   l - +0 pair of gloves
MR       .....                  (no boots)
Stlth    ++........             (no amulet)
Regen    0.2/turn               j - ring of poison resistance
MPRegen  0.2/turn               e - ring of flight

@: very slightly contaminated
A: fire resistance 1, wild magic 1, no potion heal 1
a: Divine Energy, Renounce Religion, Evoke Flight


You were on level 4 of the Dungeon.
You worshipped Sif Muna.
Sif Muna was aware of your devotion.
You were not hungry.

You visited 2 branches of the dungeon, and saw 5 of its levels.

You collected 81 gold pieces.

Inventory:

Hand Weapons
 q - a +0 rapier (weapon)
Missiles
 i - 64 arrows
Armour
 f - a +1 helmet (worn)
 l - a +0 pair of gloves (worn)
 s - a +4 ring mail (worn)
Jewellery
 e - a ring of flight (right hand)
 j - a ring of poison resistance (left hand)
Wands
 g - a wand of flame (27/48)
 n - a wand of flame (20/48)
Scrolls
 r - a scroll of teleportation
Potions
 a - a potion of brilliance
 h - a potion of curing
 k - a potion of invisibility
Books
 b - a book of Necromancy

   Spells                             Type                      Level
   a - Pain                           Necromancy                   1
   b - Animate Skeleton               Necromancy                   1
   c - Vampiric Draining              Necromancy                   3
   d - Regeneration                   Charms/Necromancy            3
   e - Animate Dead                   Necromancy                   4
   f - Control Undead                 Necromancy                   4
Comestibles
 c - 4 bread rations
 d - a meat ration
 p - a royal jelly


   Skills:
 + Level 1.9 Fighting
 + Level 1.7 Armour
 + Level 4.0 Dodging
 - Level 3.0 Stealth
 - Level 0.2 Unarmed Combat
 + Level 4.8 Spellcasting
 + Level 2.4 Charms
 + Level 6.3 Necromancy
 + Level 1.4 Invocations
 + Level 1.9 Evocations


You had 11 spell levels left.
You knew the following spells:

 Your Spells              Type           Power        Failure   Level  Hunger
a - Pain                  Necr           ####         6%          1    None
b - Regeneration          Chrm/Necr      ####......   28%         3    ##.....


Dungeon Overview and Level Annotations

Branches:
Dungeon (4/15)             Temple (1/1) D:4

Altars:
Ashenzari
Cheibriados
Dithmenos
Elyvilon
Fedhas
Gozag
Hepliaklqana
Kikubaaqudgha
Makhleb
Nemelex Xobeh
Ru
Sif Muna
Trog
Uskayaw
Vehumet
Wu Jian
Xom
Yredelemnul
Zin
The Shining One


Innate Abilities, Weirdness & Mutations

Your flesh is heat resistant. (rF+)
Your spells are a little harder to cast, but a little more powerful.
Potions are less effective at restoring your health.


Message History

The orc priest writhes in agony!
An orc priest comes into view.
Casting: Pain
Confirm with . or Enter, or press ? or * to list all spells.
Aiming: Pain
Press: ? - help, Shift-Dir - straight line, f/p - orc priest
Aim: an orc priest, wielding a trident and wearing a leather armour (almost dead, chance to defeat MR: 84%)
The orc writhes in agony!
The orc priest mumbles some strange prayers to Beogh against you.
Beogh smites you!
The orc priest looks braver for a moment.
Casting: Pain
Confirm with . or Enter, or press ? or * to list all spells.
Aiming: Pain
Press: ? - help, Shift-Dir - straight line, f/p - orc priest
Aim: an orc priest, wielding a trident and wearing a leather armour (almost dead, chance to defeat MR: 84%)
The orc barely resists.
The orc priest mumbles some strange prayers to Beogh against you.
Beogh smites you!
You die...

.......##..........#
.......##.#.##+#.###
.......## #..#.#.#
.......# ##.#.# #
...[...## #...#
#.#....##.###..#
#.#............# #.#
.. .......>#########
.........@o.o...o
........#########
........# .[......#
........# ........#
##+####.# #.


You could see 2 orc priests and an orc.

Vanquished Creatures
  Eustachio (D:4)
  A scorpion (D:4)
  A hound (D:4)
  An orc priest (D:4)
  2 iguanas (D:4)
  An orc wizard (D:4)
  Natasha (thrice) (D:3)
  A hound skeleton (D:4)
  3 adders
  3 worms
  3 leopard geckos
  8 orcs (D:4)
  8 bats
  6 giant cockroaches
  8 goblins
  6 hobgoblins
  2 jackals (D:1)
  3 quokkas
  A ball python (D:2)
  4 frilled lizards
  5 kobolds
  4 rats
75 creatures vanquished.

Notes
Turn   | Place    | Note
-------+----------+-------------------------------------------
     0 | D:1      | Rrauwl the Deep Elf Necromancer began the quest for the Orb.
     0 | D:1      | Reached XP level 1. HP: 10/10 MP: 6/6
    49 | D:1      | Reached skill level 5 in Necromancy
   321 | D:1      | Reached XP level 2. HP: 11/15 MP: 5/8
  1156 | D:2      | Reached XP level 3. HP: 19/19 MP: 8/10
  1195 | D:2      | Found a glowing golden altar of the Shining One.
  1274 | D:2      | Found a deep blue altar of Sif Muna.
  1277 | D:2      | Became a worshipper of Sif Muna the Loreminder
  2168 | D:3      | Reached XP level 4. HP: 24/24 MP: 9/11
  2173 | D:3      | Learned a level 3 spell: Regeneration
  2174 | D:3      | Noticed Natasha
  2177 | D:3      | Killed Natasha
  2177 | D:3      | Reached skill level 1 in Fighting
  2410 | D:3      | Noticed Natasha
  2415 | D:3      | Killed Natasha
  2520 | D:3      | Noticed Natasha
  2526 | D:3      | Killed Natasha
  2526 | D:3      | Reached skill level 1 in Armour
  2526 | D:3      | Reached XP level 5. HP: 26/29 MP: 8/13
  2943 | D:4      | Reached skill level 6 in Necromancy
  2999 | D:4      | Reached skill level 1 in Charms
  2999 | D:4      | Reached XP level 6. HP: 28/34 MP: 6/14
  3020 | D:4      | Noticed Eustachio
  3032 | D:4      | Killed Eustachio
  3032 | D:4      | Reached skill level 1 in Invocations
  3032 | D:4      | Reached skill level 1 in Evocations
  3146 | D:4      | Found an opulent altar of Gozag.
  3147 | D:4      | Found a radiant altar of Vehumet.
  3147 | D:4      | Found a snail-covered altar of Cheibriados.
  3148 | D:4      | Found a hazy altar of Hepliaklqana.
  3148 | D:4      | Found a white marble altar of Elyvilon.
  3148 | D:4      | Found a shattered altar of Ashenzari.
  3290 | D:4      | Reached * piety under Sif Muna
  3427 | D:4      | Reached XP level 7. HP: 32/39 MP: 8/16
  3430 | D:4      | Found a staircase to the Ecumenical Temple.
  3463 | D:4      | Gained mutation: Potions are less effective at restoring your health. [potion of mutation]
  3463 | D:4      | Gained mutation: Your spells are a little harder to cast, but a little more powerful. [potion of mutation]
  3463 | D:4      | Gained mutation: Your flesh is heat resistant. (rF+) [potion of mutation]
  3489 | Temple   | Entered the Ecumenical Temple
  3995 | D:4      | Killed from afar by an orc priest

Vault maps used:
D:1:      dpeg_arrival_simpleton_c, minmay_heptomino_h4
D:2:      nicolae_tso_swordbearing_angel, lemuel_blue_sif_altar,
          minmay_splitting_lines
D:3:      uniq_natasha
D:4:      grunt_temple_overflow_open, temple_pool_b, xom_redecorated,
          uniq_eustachio
Temple:   hc_temple_tempest_star

Skill      XL: |  1  2  3  4  5  6 |
---------------+-------------------+-----
Necromancy     | 5 6 |  6.3
Stealth        | 3 |  3.0
Fighting       | 1 |  1.9
Dodging        | 3 4 |  4.0
Spellcasting   | 4 |  4.8
Armour         | 1 |  1.7
Charms         | 1 2 |  2.4
Invocations    | 1 |  1.4
Evocations     | 1 |  1.9
Unarmed Combat | |  0.2

Action                   |  1- 3 |  4- 6 |  7- 9 || total
-------------------------+-------+-------+-------++-------
Melee: Unarmed           |    20 |    14 |       ||    34
       Rapier            |       |    12 |     5 ||    17
 Cast: Pain              |    74 |    82 |     8 ||   164
       Regeneration      |       |     1 |       ||     1
Evoke: Wand              |       |    13 |       ||    13
  Use: Scroll            |     3 |     5 |       ||     8
       Potion            |       |     4 |     1 ||     5
 Stab: Sleeping          |       |     1 |       ||     1
  Eat: Chunk             |     3 |     3 |       ||     6
       Royal jelly       |     1 |       |       ||     1
       Fruit             |       |       |     3 ||     3
Armor: Robe              |    11 |    18 |       ||    29
Dodge: Dodged            |    33 |    42 |     5 ||    80
